 Dungeon Crawl Stone Soup version 0.24-a0-235-g3f03afc (webtiles) character file.

Game seed: 15827959929395776259

191 xeno23 the Sneak (level 5, 0/34 HPs)
             Began as an Octopode Assassin on Apr 7, 2019.
             Killed from afar by an orc wizard (5 damage)
             ... with a puff of flame
             ... on level 3 of the Dungeon.
             The game lasted 00:05:30 (2063 turns).

xeno23 the Sneak (Octopode Assassin)                Turns: 2063, Time: 00:05:31

Health: 0/34       AC:  1    Str: 10    XL:     5   Next: 70%
Magic:  5/5        EV: 13    Int: 13    God:
Gold:   138        SH:  0    Dex: 15    Spells: 4/4 levels left

rFire    . . .     SeeInvis .   a - +2 dagger
rCold    . . .     Gourm    .   (no shield)
rNeg     . . .     Faith    .   (helmet restricted)
rPois    .         Spirit   .   (no amulet)
rElec    .         Reflect  .   (no ring)
rCorr    .         Harm     .   (no ring)
MR       .....                  (no ring)
Stlth    ++++......             (no ring)
HPRegen  0.11/turn              (no ring)
MPRegen  0.09/turn              (no ring)
                                (no ring)
                                (no ring)

@: no status effects
A: almost no armour, stealthy swim, amphibious, 8 rings, constrict 8, camouflage
1, gelatinous body 1
a: no special abilities


You were on level 3 of the Dungeon.
You were hungry.

You visited 1 branch of the dungeon, and saw 3 of its levels.

You collected 138 gold pieces.

Inventory:

Hand Weapons
 a - a +2 dagger (weapon)
 b - a +0 blowgun
Missiles
 c - 8 poisoned needles
 d - 2 curare-tipped needles
Scrolls
 g - 2 scrolls of fear {unknown}
 h - a scroll of fog {unknown}
 i - a scroll of remove curse
 j - 3 scrolls of identify {unknown}
 k - a scroll of enchant weapon {unknown}
 l - a scroll of noise {unknown}
 m - 2 scrolls of amnesia {unknown}
 q - a scroll of teleportation {unknown}
Potions
 e - a potion of haste
 n - a potion of degeneration {unknown}
 o - a potion of brilliance {unknown}
Comestibles
 f - 6 rations
 p - a chunk of flesh


   Skills:
 - Level 2.0 Fighting
 * Level 4.8 Short Blades
 - Level 2.0 Throwing
 - Level 1.0 Dodging
 + Level 6.9 Stealth


You had 4 spell levels left.
You didn't know any spells.
Your spell library was empty.

Dungeon Overview and Level Annotations

Branches:
Dungeon (3/15)

Altars:
Nemelex Xobeh
Qazlal
Trog


Innate Abilities, Weirdness & Mutations

You cannot wear most types of armour.
You are very stealthy in the water. (Stealth+)
You are amphibious.
You can wear up to eight rings at the same time.
You can use your tentacles to constrict eight enemies at once.
Your skin changes colour to match your surroundings (Stealth+).
Your rubbery body absorbs attacks. (AC +1, EV +1)


Message History

You hear some strange, mumbled words.
A puff of flame appears from out of thin air!
The puff of flame hits you!
You take 10 damage.
You miss something. Something hits you.
* * * LOW HITPOINT WARNING * * *
You take 4 damage.
You closely miss something. You squeeze something. Something hits you.
* * * LOW HITPOINT WARNING * * *
You take 3 damage.
Okay, then.
You aren't carrying any items that you can evoke.
Unknown command.
Unknown command.
You hit something. You miss something.
You hear some strange, mumbled words.
A puff of flame appears from out of thin air!
The puff of flame hits you.
You die...

#....##.........(.....#.)....
#.......#####.>..............
.....).......................
#....########...........#..##
#......)................>....
.......................r..<...
#....##########..o#...####....
#.####....# #{######........
..# #....#####.@......#####..
### #.....รท.........###
#...>......###### #....#######
#....# ######


There were no monsters in sight!

Vanquished Creatures
  2 orc wizards (D:3)
  Jessica (D:2)
  3 adders (D:2)
  An ooze (D:1)
  2 worms (D:2)
  2 dart slugs
  5 leopard geckos
  4 orcs (D:3)
  3 ball pythons
  4 bats
  3 goblins
  3 hobgoblins
  2 jackals (D:2)
  A quokka (D:3)
  4 frilled lizards
  5 kobolds
  25 rats
70 creatures vanquished.

Notes
Turn   | Place    | Note
-------+----------+-------------------------------------------
     0 | D:1      | xeno23 the Octopode Assassin began the quest for the Orb.
     0 | D:1      | Reached XP level 1. HP: 14/14 MP: 1/1
   147 | D:1      | Reached XP level 2. HP: 16/19 MP: 2/2
   723 | D:2      | Reached XP level 3. HP: 10/24 MP: 3/3
  1110 | D:2      | Reached skill level 6 in Stealth
  1193 | D:2      | Found a bloodstained altar of Trog.
  1197 | D:2      | Reached XP level 4. HP: 24/29 MP: 4/4
  1222 | D:2      | Noticed Jessica
  1229 | D:2      | Killed Jessica
  1243 | D:2      | Found a sparkling altar of Nemelex Xobeh.
  1310 | D:2      | Found a stormy altar of Qazlal.
  1678 | D:3      | Reached XP level 5. HP: 17/34 MP: 5/5
  2063 | D:3      | Killed from afar by an orc wizard

Levels and vault maps discovered:
D:1:      ebering_hopf_link, layout_loops_cross, nrook_uturn
D:2:      layout_loops_ring, bloody_trog, nemelex_xobeh_ov_fountains_minmay,
          lemuel_round_altar, uniq_jessica
D:3:      layout_rooms, kennysheep_okawaru_gauntlet, minmay_rat_hole,
          uniq_terence, uniq_sigmund

Skill      XL: |  1  2  3  4 |
---------------+-------------+-----
Short Blades   | 3 4 |  4.8
Stealth        | 6 |  6.9
Fighting       | |  2.0
Throwing       | |  2.0
Dodging        | |  1.0

Action                   |  1- 3 |  4- 6 || total
-------------------------+-------+-------++-------
Melee: Dagger            |    50 |    92 ||   142
       Constrict         |    11 |    24 ||    35
       Tentacles         |     9 |    16 ||    25
  Use: Scroll            |     1 |       ||     1
       Potion            |     1 |       ||     1
 Stab: Sleeping          |    11 |     7 ||    18
  Eat: Chunk             |     1 |     2 ||     3
Armor: Skin              |     5 |     4 ||     9
Dodge: Dodged            |    26 |    39 ||    65

Table legend:
 A = Non-vault XP
 B = Vault XP
 C = Vault XP percentage of total XP
 D = Non-vault monster count
 E = Vault monster count
 F = Vault count percentage of total count
                 A         B        C        D         E       F
            +---------+---------+-------+---------+---------+-------
      Total |     217 |      57 |  20.8 |      50 |      20 |  28.6
            +---------+---------+-------+---------+---------+-------
        D:1 |      24 |       0 |   0.0 |      11 |       0 |   0.0
        D:2 |      73 |      37 |  33.6 |      20 |       1 |   4.8
        D:3 |     120 |      20 |  14.3 |      19 |      19 |  50.0
            +---------+---------+-------+---------+---------+-------
